SAAA
SCRANTON SUPERNOVAS @ BAGLEY LOONS
08/24/2017
 
TOP OF THE 1ST
Scranton Supernovas batting - Pitching for Bagley Loons : RHP Eric Lang
Pitching: RHP Eric Lang
Batting: RHB Ryan Simpson 0-0: Swinging Strike
0-1: Ball
1-1: Foul Ball, location: 2F
1-2: Strikes out looking
Batting: RHB Gus Gibbs 0-0: Ball
1-0: Ball
2-0: Swinging Strike
2-1: Ball
3-1: Foul Ball, location: 2F
3-2: Foul Ball, location: 2F
3-2: Fly out, F8 (Line Drive, 8LM)
Batting: RHB Sergio Canales 0-0: Ball
1-0: Foul Ball, location: 2F
1-1: SINGLE (Line Drive, 7S)
Batting: RHB Michael Messer 0-0: Ball
1-0: Swinging Strike
1-1: Called Strike
1-2: Ball
2-2: Ground out 5-3 (Groundball, 5L)
Top of the 1st over - 0 run(s), 1 hit(s), 0 error(s), 1 left on base; Scranton 0 - Bagley 0
BOTTOM OF THE 1ST
Bagley Loons batting - Pitching for Scranton Supernovas : RHP Bob Meyer
Pitching: RHP Bob Meyer
Batting: LHB Warren O'Herlihy 0-0: Swinging Strike
0-1: Ball
1-1: Ball
2-1: Foul Ball, location: 2F
2-2: Strikes out swinging
Batting: RHB Walton Stephens 0-0: Called Strike
0-1: Ball
1-1: Ground out 6-3 (Groundball, 6MS)
Batting: LHB Rafael García 0-0: SINGLE (Groundball, 34D)
Batting: RHB Allen Murphy 0-0: Ball
1-0: Swinging Strike
1-1: Called Strike
1-2: Strikes out looking
Bottom of the 1st over - 0 run(s), 1 hit(s), 0 error(s), 1 left on base; Scranton 0 - Bagley 0
TOP OF THE 2ND
Scranton Supernovas batting - Pitching for Bagley Loons : RHP Eric Lang
Batting: RHB Jerome Wilson 0-0: Called Strike
0-1: Fly out, F3 (Popup, 23F)
Batting: RHB Soseki Matsunaga 0-0: Ball
1-0: Ball
2-0: Ball
3-0: Swinging Strike
3-1: Swinging Strike
3-2: Strikes out swinging
Batting: RHB Mark Hines 0-0: Ball
1-0: Called Strike
1-1: Swinging Strike
1-2: Ball
2-2: Hit by Pitch
Batting: RHB Matt Brown 0-0: Foul Ball, location: 2F
0-1: Called Strike
0-2: Ball
1-2: Ground out 4-3 (Groundball, 4)
Top of the 2nd over - 0 run(s), 0 hit(s), 0 error(s), 1 left on base; Scranton 0 - Bagley 0
BOTTOM OF THE 2ND
Bagley Loons batting - Pitching for Scranton Supernovas : RHP Bob Meyer
Batting: SHB Roland Meade 0-0: Ball
1-0: Ball
2-0: Called Strike
2-1: Reached on error, E3 (Groundball, 3)
Batting: RHB Edward Baker 0-0: SINGLE (Line Drive, 78S)
Roland Meade to second
Batting: RHB Luis Sáenz 0-0: Foul Ball, location: 2F
0-1: Ball
1-1: SINGLE (Line Drive, 89S)
Roland Meade to third
Edward Baker to second
Batting: RHB Orlando Moreno 0-0: Called Strike
0-1: Ball
1-1: Ball
2-1: SINGLE (Line Drive, 3D)
Roland Meade scores
Edward Baker to third
Luis Sáenz to second
Batting: RHB Jackson Shewman 0-0: Ball
1-0: Foul Ball, location: 2F
1-1: Foul Ball, location: 2F
1-2: Fly out, F9 (Flyball, 89XD)
Runner from 3rd tags up, SCORES, no throw
Batting: LHB Warren O'Herlihy 0-0: Ball
1-0: Swinging Strike
1-1: Called Strike
1-2: Foul Ball, location: 2F
1-2: Strikes out looking
Batting: RHB Walton Stephens 0-0: Called Strike
0-1: Fielders Choice at 2nd, U6 (Groundball, 6M)
Bottom of the 2nd over - 2 run(s), 3 hit(s), 1 error(s), 2 left on base; Scranton 0 - Bagley 2
TOP OF THE 3RD
Scranton Supernovas batting - Pitching for Bagley Loons : RHP Eric Lang
Batting: LHB Mark Evans 0-0: Ball
1-0: Ball
2-0: Called Strike
2-1: Swinging Strike
2-2: Ball
3-2: Foul Ball, location: 2F
3-2: Base on Balls
Batting: RHB Ryan Simpson 0-0: Swinging Strike
0-1: Called Strike
0-2: Strikes out looking
Batting: RHB Gus Gibbs 0-0: Ball
1-0: Grounds into double play, 5-4-3 (Groundball, 5)
Top of the 3rd over - 0 run(s), 0 hit(s), 0 error(s), 0 left on base; Scranton 0 - Bagley 2
BOTTOM OF THE 3RD
Bagley Loons batting - Pitching for Scranton Supernovas : RHP Bob Meyer
Batting: LHB Rafael García 0-0: Called Strike
0-1: Ball
1-1: Fly out, F4 (Popup, 4D)
Batting: RHB Allen Murphy 0-0: Ball
1-0: Called Strike
1-1: Ball
2-1: Fly out, F8 (Flyball, 8LM)
Batting: SHB Roland Meade 0-0: Called Strike
0-1: Ball
1-1: Called Strike
1-2: Ball
2-2: Ball
3-2: Base on Balls
Batting: RHB Edward Baker 0-0: Called Strike
0-1: Called Strike
0-2: Fly out, F8 (Flyball, 8RD)
Bottom of the 3rd over - 0 run(s), 0 hit(s), 0 error(s), 1 left on base; Scranton 0 - Bagley 2
TOP OF THE 4TH
Scranton Supernovas batting - Pitching for Bagley Loons : RHP Eric Lang
Batting: RHB Sergio Canales 0-0: Ball
1-0: Swinging Strike
1-1: Ground out 6-3 (Groundball, 6)
Batting: RHB Michael Messer 0-0: Swinging Strike
0-1: Foul Ball, location: 2F
0-2: Strikes out looking
Batting: RHB Jerome Wilson 0-0: Ball
1-0: Ball
2-0: Ground out 6-3 (Groundball, 6)
Top of the 4th over - 0 run(s), 0 hit(s), 0 error(s), 0 left on base; Scranton 0 - Bagley 2
BOTTOM OF THE 4TH
Bagley Loons batting - Pitching for Scranton Supernovas : RHP Bob Meyer
Batting: RHB Luis Sáenz 0-0: Ball
1-0: Swinging Strike
1-1: Swinging Strike
1-2: Strikes out swinging
Batting: RHB Orlando Moreno 0-0: Called Strike
0-1: Swinging Strike
0-2: Ball
1-2: Reached on error, E5 (Groundball, 56)
Batting: RHB Jackson Shewman 0-0: Called Strike
0-1: Foul Ball, location: 2F
0-2: Ground out 1-3 (Groundball, 3S)
Orlando Moreno to second
Batting: LHB Warren O'Herlihy 0-0: Ball
1-0: 2-RUN HOME RUN (Flyball, 9D), Distance : 368 ft
Batting: RHB Walton Stephens 0-0: Fly out, F7 (Flyball, 8LM)
Bottom of the 4th over - 2 run(s), 1 hit(s), 1 error(s), 0 left on base; Scranton 0 - Bagley 4
TOP OF THE 5TH
Scranton Supernovas batting - Pitching for Bagley Loons : RHP Eric Lang
Batting: RHB Soseki Matsunaga 0-0: Called Strike
0-1: Ground out 5-3 (Groundball, 5S)
Batting: RHB Mark Hines 0-0: Ball
1-0: Ball
2-0: Ball
3-0: Called Strike
3-1: Base on Balls
Batting: RHB Matt Brown 0-0: Called Strike
0-1: Ball
1-1: Called Strike
1-2: Ball
2-2: Strikes out looking
Batting: LHB Mark Evans 0-0: Called Strike
0-1: Ball
1-1: Foul Ball, location: 2F
1-2: Foul Ball, location: 2F
1-2: Strikes out swinging
Top of the 5th over - 0 run(s), 0 hit(s), 0 error(s), 1 left on base; Scranton 0 - Bagley 4
BOTTOM OF THE 5TH
Bagley Loons batting - Pitching for Scranton Supernovas : RHP Bob Meyer
Batting: LHB Rafael García 0-0: Ball
1-0: Fly out, F9 (Flyball, 9M)
Batting: RHB Allen Murphy 0-0: Foul Ball, location: 2F
0-1: DOUBLE (Flyball, 78XD)
Batting: SHB Roland Meade 0-0: Intentional Walk
Batting: RHB Edward Baker 0-0: Ball
1-0: Called Strike
1-1: Ball
2-1: Foul Ball, location: 2F
2-2: Fly out, F8 (Flyball, 8LM)
Batting: RHB Luis Sáenz 0-0: Ball
1-0: Foul Ball, location: 2F
1-1: Ball
2-1: Foul Ball, location: 2F
2-2: Strikes out swinging
Bottom of the 5th over - 0 run(s), 1 hit(s), 0 error(s), 2 left on base; Scranton 0 - Bagley 4
TOP OF THE 6TH
Scranton Supernovas batting - Pitching for Bagley Loons : RHP Eric Lang
Batting: RHB Ryan Simpson 0-0: Called Strike
0-1: Foul Ball, location: 2F
0-2: Ball
1-2: SINGLE (Line Drive, 9LS)
Batting: RHB Gus Gibbs 0-0: Foul Ball, location: 2F
0-1: Ball
1-1: SINGLE (Line Drive, 6MD)
Ryan Simpson to second
Batting: RHB Sergio Canales 0-0: Called Strike
0-1: Called Strike
0-2: Ball
1-2: Ball
2-2: Ball
3-2: Ground out 5-3 (Groundball, 56S)
Ryan Simpson to third
Gus Gibbs to second
Batting: RHB Michael Messer 0-0: Called Strike
0-1: Called Strike
0-2: Foul Ball, location: 2F
0-2: Ground out 1-3 (Groundball, 15)
Batting: RHB Jerome Wilson 0-0: Ball
1-0: Ground out 4-3 (Groundball, 4)
Top of the 6th over - 0 run(s), 2 hit(s), 0 error(s), 2 left on base; Scranton 0 - Bagley 4
BOTTOM OF THE 6TH
Bagley Loons batting - Pitching for Scranton Supernovas : RHP Bob Meyer
Batting: RHB Orlando Moreno 0-0: Ground out 3-1 (Groundball, 34)
Batting: RHB Jackson Shewman 0-0: Called Strike
0-1: Fly out, F3 (Popup, 4)
Batting: LHB Warren O'Herlihy 0-0: Ball
1-0: Foul Ball, location: 2F
1-1: Ball
2-1: Ball
3-1: SINGLE (Groundball, 23) (infield hit)
Batting: RHB Walton Stephens 0-0: Ball
1-0: Called Strike
1-1: SINGLE (Flyball, 9S)
Warren O'Herlihy to second
Runner from 2nd tries for 3rd, SAFE, no throw or cutoff
Batting: LHB Rafael García 0-0: Ball
1-0: Ball
2-0: Foul Ball, location: 2F
2-1: DOUBLE (Line Drive, 9LS)
Warren O'Herlihy scores
Walton Stephens to third
Pitching: RHP Dan Grant
Batting: RHB Allen Murphy 0-0: Swinging Strike
0-1: Ball
1-1: 3-RUN HOME RUN (Flyball, 7D), Distance : 348 ft
Batting: SHB Roland Meade 0-0: Foul Ball, location: 2F
0-1: SOLO HOME RUN (Flyball, 9LD), Distance : 327 ft
Batting: RHB Edward Baker 0-0: Called Strike
0-1: Ball
1-1: Ground out 6-3 (Groundball, 6)
Bottom of the 6th over - 5 run(s), 5 hit(s), 0 error(s), 0 left on base; Scranton 0 - Bagley 9
TOP OF THE 7TH
Scranton Supernovas batting - Pitching for Bagley Loons : RHP Eric Lang
Batting: RHB Soseki Matsunaga 0-0: Ball
1-0: Called Strike
1-1: Called Strike
1-2: Ground out 5-3 (Groundball, 56)
Batting: RHB Mark Hines 0-0: Ball
1-0: Foul Ball, location: 2F
1-1: Foul Ball, location: 2F
1-2: Ground out 5-3 (Groundball, 56)
Batting: RHB Matt Brown 0-0: Ball
1-0: Foul Ball, location: 2F
1-1: Ball
2-1: Foul Ball, location: 2F
2-2: Ball
3-2: Fly out, F9 (Line Drive, 89M)
Top of the 7th over - 0 run(s), 0 hit(s), 0 error(s), 0 left on base; Scranton 0 - Bagley 9
BOTTOM OF THE 7TH
Bagley Loons batting - Pitching for Scranton Supernovas : RHP Dan Grant
Pitching: RHP Tony Newell
Batting: RHB Luis Sáenz 0-0: Fly out, F8 (Flyball, 8LM)
Batting: RHB Orlando Moreno 0-0: Called Strike
0-1: Swinging Strike
0-2: Fly out, F9 (Flyball, 9LM)
Batting: RHB Jackson Shewman 0-0: Ball
1-0: Foul Ball, location: 2F
1-1: Foul Ball, location: 2F
1-2: Ball
2-2: Strikes out swinging
Bottom of the 7th over - 0 run(s), 0 hit(s), 0 error(s), 0 left on base; Scranton 0 - Bagley 9
TOP OF THE 8TH
Scranton Supernovas batting - Pitching for Bagley Loons : RHP Eric Lang
Batting: LHB Mark Evans 0-0: Ball
1-0: Swinging Strike
1-1: Foul Ball, location: 2F
1-2: Strikes out looking
Pitching: LHP Manuel Martínez
Batting: RHB Ryan Simpson 0-0: SINGLE (Line Drive, 78S)
Batting: RHB Gus Gibbs 0-0: Called Strike
0-1: SINGLE (Flyball, 9LS)
Ryan Simpson to second
Runner from 2nd tries for 3rd, SAFE, no throw or cutoff
Pinch Hitting: RHB Phil Fleming 0-0: Ground out 5-3 (Groundball, 15S)
Ryan Simpson scores
Gus Gibbs to second
Batting: RHB Michael Messer 0-0: Ball
1-0: Ball
2-0: Called Strike
2-1: Fly out, F2 (Popup, 2LF)
Top of the 8th over - 1 run(s), 2 hit(s), 0 error(s), 1 left on base; Scranton 1 - Bagley 9
BOTTOM OF THE 8TH
Bagley Loons batting - Pitching for Scranton Supernovas : RHP Tony Newell
Now at SS: Phil Fleming
Batting: LHB Warren O'Herlihy 0-0: Ball
1-0: Ground out 4-3 (Groundball, 4M)
Batting: RHB Walton Stephens 0-0: Ball
1-0: Called Strike
1-1: Ball
2-1: SINGLE (Flyball, 4D)
Batting: LHB Rafael García 0-0: Ball
1-0: Ball
2-0: Called Strike
2-1: Fly out, F7 (Flyball, 7LSF)
Batting: RHB Allen Murphy 0-0: Foul Ball, location: 2F
0-1: Ball
1-1: Foul Ball, location: 2F
1-2: Fielders Choice at 2nd, 5-4 (Groundball, 56)
Bottom of the 8th over - 0 run(s), 1 hit(s), 0 error(s), 0 left on base; Scranton 1 - Bagley 9
TOP OF THE 9TH
Scranton Supernovas batting - Pitching for Bagley Loons : LHP Manuel Martínez
Batting: RHB Jerome Wilson 0-0: Called Strike
0-1: Ball
1-1: Ball
2-1: Fly out, F8 (Flyball, 8LM)
Batting: RHB Soseki Matsunaga 0-0: Ground out 6-3 (Groundball, 6)
Batting: RHB Mark Hines 0-0: SINGLE (Line Drive, 6MD)
Pinch Hitting: RHB Lance Davis 0-0: Called Strike
0-1: Ball
1-1: Called Strike
1-2: Strikes out swinging
Top of the 9th over - 0 run(s), 1 hit(s), 0 error(s), 1 left on base; Scranton 1 - Bagley 9
This league is powered by Out of the Park Baseball, the baseball management simulation game for PC, Mac and Linux
Saturday, February 27th, 2021 - OOTP Baseball 15.6 Build 34